 Dungeon Crawl Stone Soup version 0.28-a0-224-g76b539d98b (webtiles) character file.

Game seed: 10836024028746233459

138189 jt the Executioner (level 16, -2/158 HPs)
             Began as a Palentonga Fighter on Aug 21, 2021.
             Was the Champion of Ashenzari.
             Slain by a naga warrior (29 damage)
             ... on level 3 of the Snake Pit on Aug 22, 2021.
             The game lasted 01:43:11 (39604 turns).

jt the Executioner (Palentonga Fighter)            Turns: 39604, Time: 01:43:12

Health: -2/158     AC: 25    Str: 23    XL:     16   Next: 70%
Magic:  17/17      EV:  5    Int: 12    God:    Ashenzari [******]
Gold:   2481       SH:  0    Dex: 10    Spells: 14/16 levels left

rFire   + . .      SeeInvis +   a - +12 executioner's axe of Ashenzari's Augurer {venom, Fragile +Rage rPois Will++, Bglg, Melee} (curse)
rCold   . . .      Faith    .   (shield currently unavailable)
rNeg    . . .      Spirit   .   w - +2 ring mail "Chained Together" {Will+, Alch, Evo} (curse)
rPois   +          Reflect  .   o - +0 helmet of the Ether {Alch, Range} (curse)
rElec   .          Harm     .   S - scarf "I Knew You'd Do That" {repulsion, Melee, Cun} (curse)
rCorr   .          Rampage  .   g - +0 pair of gloves "Overhang to Understand" {Bglg, Self} (curse)
Will    +++++      Clarity  +   Z - +2 barding of Ashenzari's Doubts {Self, Cun} (curse)
Stlth   +.........              K - amulet of Ashenzari's Blue Moon {Acrobat, Fort, Evo} (curse)
HPRegen 0.36/turn               H - ring of the Unyielding Gaze {rF+, Alch, Bglg} (curse)
MPRegen 0.15/turn               N - ring "Pragmatism of Ashenzari" {Will+ SInv, Self, Fort} (curse)

@: lethally poisoned (-2 -> -9), hasted and slowed, constricted, studying 2
skills, repel missiles, curled up
A: large, rugged brown scales 3, see invisible, deformed body, roll 1, armoured
tail, reflexive curl
a: Rolling Charge, Renounce Religion, Evoke Berserk Rage, Shatter the Chains


You were on level 3 of the Snake Pit.
You worshipped Ashenzari.
Ashenzari was exalted by your worship.
You visited 6 branches of the dungeon, and saw 27 of its levels.
You also visited: Ossuary, Bailey and Gauntlet.

You collected 3214 gold pieces.
You spent 733 gold pieces at shops.

Inventory:

Hand Weapons
 a - the cursed +12 executioner's axe of Ashenzari's Augurer (weapon) {venom, Fragile +Rage rPois Will++, Bglg, Melee}
   (You acquired it on level 3 of the Dungeon)

   It poisons the flesh of those it strikes.
   rPois:     It protects you from poison.
   +Rage:     It lets you go berserk.
   Fragile:   It will be destroyed if unequipped.
   Will:      It greatly increases your willpower.
   It has a curse which improves the following skills: Beguiling: Conjurations,
   Hexes and Translocations.
   Melee Combat: Short Blades, Long Blades, Axes, Maces & Flails, Polearms,
   Staves and Unarmed Combat.
Missiles
 h - 542 stones
 p - 27 boomerangs
 x - 2 throwing nets
 C - 31 poisoned darts
 J - 189 sling bullets
 M - 5 curare-tipped darts
 P - 15 javelins (quivered)
 T - 11 silver javelins
Armour
 g - the cursed +0 pair of gloves "Overhang to Understand" (worn) {Bglg, Self}
   (You found it on level 7 of the Dungeon)

   It has a curse which improves the following skills: Beguiling: Conjurations,
   Hexes and Translocations.
   Introspection: Fighting and Spellcasting.
 o - the cursed +0 helmet of the Ether (worn) {Alch, Range}
   (You took it off Robin on level 3 of the Dungeon)

   It has a curse which improves the following skills: Alchemy: Poison Magic and
   Transmutations.
   Ranged Combat: Slings, Bows, Crossbows and Throwing.
 w - the cursed +2 ring mail "Chained Together" (worn) {Will+, Alch, Evo}
   (You took it off Duvessa on level 4 of the Dungeon)

   It has a curse which improves the following skills: Alchemy: Poison Magic and
   Transmutations.
   Evocations: Evocations.
 S - the cursed scarf "I Knew You'd Do That" (worn) {repulsion, Melee, Cun}
   (You found it on level 4 of the Lair of Beasts)

   It has a curse which improves the following skills: Melee Combat: Short
   Blades, Long Blades, Axes, Maces & Flails, Polearms, Staves and Unarmed
   Combat.
   Cunning:   Dodging and Stealth.
 Z - the cursed +2 barding of Ashenzari's Doubts (worn) {Self, Cun}
   (You took it off Nessos on level 14 of the Dungeon)

   It has a curse which improves the following skills: Introspection: Fighting
   and Spellcasting.
   Cunning:   Dodging and Stealth.
Jewellery
 G - the amulet "Cyseast" {rF+ Regen+ Dex+3}
   (You found it in a Gauntlet)

   [amulet of regeneration]

   Dex:       It affects your dexterity (+3).
   rF:        It protects you from fire.
   Regen:     It increases your rate of health regeneration.
 H - the cursed ring of the Unyielding Gaze (left hand) {rF+, Alch, Bglg}
   (You found it on level 9 of the Dungeon)

   [ring of protection from fire]

   rF:        It protects you from fire.
   It has a curse which improves the following skills: Alchemy: Poison Magic and
   Transmutations.
   Beguiling: Conjurations, Hexes and Translocations.
 K - the cursed amulet of Ashenzari's Blue Moon (around neck) {Acrobat, Fort, Evo}
   (You bought it in a shop on level 9 of the Dungeon)

   [amulet of the acrobat]

   It increases your evasion while moving and waiting.
   It has a curse which improves the following skills: Fortitude: Armour and
   Shields.
   Evocations: Evocations.
 N - the cursed ring "Pragmatism of Ashenzari" (right hand) {Will+ SInv, Self, Fort}
   (You took it off a minotaur in a Gauntlet)

   [ring of see invisible]

   SInv:      It lets you see invisible.
   Will:      It increases your willpower.
   It has a curse which improves the following skills: Introspection: Fighting
   and Spellcasting.
   Fortitude: Armour and Shields.
 Q - a +4 ring of slaying
 W - a ring of protection from fire
Wands
 i - a wand of charming (10)
 l - a wand of acid (6)
 v - a wand of flame (73)
 z - a wand of polymorph (22)
 A - a wand of mindburst (3)
 D - a wand of digging (5)
 F - a wand of iceblast (13)
 O - a wand of paralysis (7)
Scrolls
 b - 4 scrolls of teleportation
 k - 2 scrolls of holy word
 m - 5 scrolls of magic mapping
 u - 3 scrolls of blinking
 B - 2 scrolls of enchant armour
 I - 3 scrolls of fear
 R - 3 scrolls of fog
Potions
 c - 6 potions of haste
 d - a potion of might
 e - 3 potions of brilliance
 f - 12 potions of curing
 j - 4 potions of magic
 n - 4 potions of lignification
 r - 3 potions of flight
 s - 4 potions of cancellation
 t - a potion of resistance
 E - 3 potions of berserk rage
 L - a potion of mutation
Miscellaneous
 y - a piece from Xom's chessboard (15/15)
 U - a box of beasts
 X - a phantom mirror
 Y - a condenser vane


   Skills:
 + Level 14.7(20.0) Fighting
 - Level 22.6(26.0) Axes
 - Level 2.7(5.2) Throwing
 - Level 3.0(6.8) Armour
 - Level 2.0(5.3) Dodging
 - Level 3.7(7.8) Shields
 - Level 6.8(11.3) Evocations


You had 14 spell levels left.
You knew the following spells:

 Your Spells              Type           Power      Damage    Failure   Level
a - Blink                 Tloc           N/A        N/A       41%         2

Your spell library contained the following spells:

 Spells                   Type           Power      Damage    Failure   Level
 Apportation              Tloc           4%         N/A       30%         1
 Beastly Appendage        Tmut           4%         N/A       30%         1
 Corona                   Hex            2%         N/A       30%         1
 Animate Skeleton         Necr           0%         N/A       41%         1
 Freeze                   Ice            0%         1d3       41%         1
 Summon Small Mammal      Summ           0%         N/A       41%         1
 Wereblood                Tmut           2%         N/A       41%         2
 Ensorcelled Hibernation  Hex/Ice        2%         N/A       50%         2
 Passwall                 Tmut/Erth      0%         N/A       50%         2
 Static Discharge         Conj/Air       1%         N/A       50%         2
 Sublimation of Blood     Necr           0%         N/A       56%         2
 Gell's Gravitas          Tloc           1%         N/A       65%         3
 Lesser Beckoning         Tloc           1%         N/A       65%         3
 Spider Form              Tmut/Pois      1%         N/A       65%         3
 Teleport Other           Tloc           2%         N/A       65%         3
 Tukima's Dance           Hex            2%         N/A       65%         3
 Stone Arrow              Conj/Erth      2%         3d7       73%         3
 Frozen Ramparts          Ice            0%         1d2       80%         3
 Ozocubu's Armour         Ice            0%         N/A       80%         3
 Swiftness                Air            0%         N/A       80%         3
 Olgreb's Toxic Radiance  Pois           2%         N/A       96%         4
 Hailstorm                Conj/Ice       1%         3d3       98%         4
 Petrify                  Tmut/Erth      1%         N/A       98%         4
 Sticky Flame             Conj/Fire      1%         2d3       98%         4
 Airstrike                Air            0%         N/A       99%         4
 Dispel Undead            Necr           0%         3d6       99%         4
 Summon Lightning Spire   Summ/Air       0%         N/A       99%         4
 Bolt of Magma            Conj/Fire/Erth 0%         4d4       100%        5
 Irradiate                Conj/Tmut      1%         3d14      100%        5
 Lightning Bolt           Conj/Air       0%         1d11      100%        5
 Manifold Assault         Tloc           2%         N/A       100%        5
 Summon Forest            Summ/Tloc      0%         N/A       100%        5
 Eringya's Noxious Bog    Tmut/Pois      1%         N/A       100%        6
 Invisibility             Hex            1%         N/A       100%        6
 Malign Gateway           Summ/Tloc      0%         N/A       100%        7
 Ozocubu's Refrigeration  Ice            0%         4d5       100%        7
 Storm Form               Tmut/Air       0%         N/A       100%        7
 Summon Hydra             Summ           0%         N/A       100%        7
 Ignition                 Fire           0%         3d3       100%        8
 Maxwell's Capacitive Co  Air            0%         ∞         100%        8
 Summon Horrible Things   Summ           0%         N/A       100%        8
 Shatter                  Erth           0%         3d5*      100%        9


Dungeon Overview and Level Annotations

Branches:
Dungeon (14/15)            Temple (1/1) D:7            Lair (6/6) D:9
 Shoals (1/4) Lair:2        Snake (3/4) Lair:4        Slime (0/5) Lair:6
    Orc (2/2) D:10            Elf (0/3) Orc:2        Vaults (0/5) D:14
Ossuary (visited)          Bailey (visited)         Gauntlet (visited)

Altars:
Ashenzari
Cheibriados
Dithmenos
Elyvilon
Fedhas
Gozag
Hepliaklqana
Kikubaaqudgha
Makhleb
Nemelex Xobeh
Okawaru
Qazlal
Ru
Sif Muna
Trog
Uskayaw
Vehumet
Wu Jian
Xom
Yredelemnul
Zin
The Shining One
Jiyva

Shops:
D:5 (   D:6 ?   D:9 =   D:14 [   Orc:2 :(==(   Shoals:1 :

Annotations:
D:12 2 transporters, p0werm0de's ghost, journeyman GrFi
Lair:2 exclusion: door


Innate Abilities, Weirdness & Mutations

You are completely covered in rugged brown scales. (AC +3, +7% HP)
You have supernaturally acute eyesight. (SInv)
Armour fits poorly on your strangely shaped body.
You can roll at nearby foes to attack.
You have a long armoured tail.
You curl defensively after being hit.


Message History

You feel extremely sick.
The naga warrior roars a battlecry!
The naga warrior goes into a battle-frenzy!
You open the naga warrior like a pillowcase!!!
The naga warrior is heavily wounded.
You feel very sick. The naga warrior spits poison at you.
The splash of poison hits you but does no damage.
You resist.
You feel very sick. The naga warrior spits poison at you.
The splash of poison hits you but does no damage.
You are more poisoned.
You resist.
You barely miss the naga warrior. You tail-slap the naga warrior!
The naga warrior is heavily wounded.
You feel very sick.
You feel very sick.
There is a stone staircase leading up, spattered with blood here.
You feel very sick.
The naga warrior hits you with a +0 hand axe!!
The naga warrior grabs you.
You stop ascending the stairs.
The naga warrior constricts you. The naga warrior spits poison at you.
The splash of poison hits you but does no damage.
You are more poisoned.
You resist.
The naga warrior hits you with a +0 hand axe!!!
* * * LOW HITPOINT WARNING * * *
The naga warrior constricts you.
* * * LOW HITPOINT WARNING * * *
Unknown command.
Press: ? - help, v - describe, . - travel
Here: a naga warrior, wielding a +0 hand axe (heavily wounded, constricting you, strong)
The floor, spattered with blood.
Okay, then.
You feel yourself speed up.
You feel very sick.
The naga warrior hits you with a +0 hand axe!!
You die...

####.....##..##.....#
###.S........#######.*
, ###.....†....##### ,
###..#.......#### #.,
, ###..#.#.....####...
, ,,
####.#.#.†........#*
,,,.
####.?##N.......####*
**.
####..###)..........*
*#
#####...@N.......### #
######............#**
**
#######..####.......
,, ########.######....
, #########.... *####
, *##.,,, ,* **, #* *
*


You could see 2 naga warriors.

Vanquished Creatures
  Gastronok (D:11)
  5 nagarajas (Snake:2)
  Aizul (Snake:3)
  Nessos (D:14)
  2 minotaurs
  The ghost of Riyhibeth the Carver, a journeyman BaAM of Fedhas (Lair:5)
  The ghost of Pomol the Cleaver, a journeyman DDFi of Okawaru (Lair:4)
  A merfolk impaler (Shoals:1)
  A rakshasa (D:12)
  11 naga warriors
  13 hydras
  6 boulder beetles
  2 catoblepae
  2 anacondas (Snake:1)
  2 ogre magi (Orc:2)
  2 centaur warriors (D:14)
  2 dancing weapons (D:14)
  10 two-headed ogres
  A deep troll shaman (Lair:6)
  An orc high priest (Orc:1)
  A shock serpent (Snake:2)
  13 death yaks
  Sonja (Lair:3)
  8 naga sharpshooters
  A sixfirhy (Gauntlet)
  A death drake (Snake:3)
  2 deep trolls (Orc:2)
  4 wizards
  Pikel (D:6)
  12 ugly things
  11 mana vipers
  A necromancer (Lair:2)
  A deep elf pyromancer (D:14)
  4 salamanders
  An orb spider (Snake:1)
  6 cyclopes
  4 manticores
  An oklob plant (Gauntlet)
  16 elephants
  12 naga magi
  A torpor snail (Lair:3)
  18 black mambas
  4 guardian serpents
  15 cane toads
  2 unseen horrors
  A gargoyle (D:13)
  3 rime drakes
  11 komodo dragons
  A freezing wraith (D:11)
  A merfolk (Snake:2)
  A hornet (shapeshifter) (D:12)
  9 trolls
  2 polar bears
  A wind drake (Lair:2)
  A hornet (D:10)
  16 blink frogs
  3 slime creatures (D:13)
  2 snapping turtles (Shoals:1)
  A snapping turtle (shapeshifter) (D:14)
  2 spectral black mambas (Lair:4)
  4 wyverns
  Sigmund (D:2)
  A shadow (D:12)
  A wraith (D:12)
  35 yaks
  A yak (shapeshifter) (D:14)
  A vampire (D:12)
  2 steam dragons (D:6)
  5 vampire mosquitoes
  3 basilisks
  Eustachio (D:4)
  20 nagas
  Menkaure (D:7)
  3 wargs
  5 acid dragons
  Duvessa (D:4)
  A sky beast (D:7)
  11 water moccasins
  12 orc warriors
  3 black bears
  23 wolves
  2 black mamba simulacra (Lair:4)
  4 boggarts (D:14)
  21 ogres
  5 centaurs
  4 lemures
  2 kobold brigands (D:6)
  Blork the orc (D:6)
  7 bullfrogs
  6 scorpions
  2 gnoll sergeants
  A cane toad simulacrum (Lair:4)
  4 water moccasin zombies (Ossuary)
  Dowan (D:4)
  5 killer bees (D:9)
  3 wights (D:7)
  7 howler monkeys
  A bullfrog zombie (D:6)
  3 centaur zombies
  A komodo dragon simulacrum (Lair:4)
  9 orc priests
  2 hounds
  Ijyb (D:3)
  A bullfrog skeleton (D:6)
  2 centaur skeletons
  2 gnoll shamans
  3 iguanas
  Natasha (twice) (D:4)
  12 orc wizards
  A wolf simulacrum (Lair:2)
  2 mummies (Ossuary)
  Robin (D:3)
  A howler monkey skeleton (D:5)
  15 gnolls
  6 adders
  2 shadow imps (Gauntlet)
  3 white imps
  3 ufetubi
  3 adder zombies (Ossuary)
  An adder skeleton (D:4)
  2 worms
  A dart slug (D:4)
  33 orcs
  3 ball pythons
  7 bats
  6 endoplasms
  5 giant cockroaches
  19 goblins
  8 hobgoblins
  5 jackals
  A quokka (D:1)
  2 frilled lizards
  3 gnoll zombies (Ossuary)
  8 hobgoblin zombies (Ossuary)
  17 kobolds
  2 kobold zombies (Ossuary)
  4 orc zombies (Ossuary)
  2 rats (D:3)
  A river rat simulacrum (Lair:2)
  3 butterflies (D:6)
  A fire vortex (D:14)
682 creatures vanquished.

Vanquished Creatures (collateral kills)
  A hydra (D:12)
1 creature vanquished.

Vanquished Creatures (others)
  A butterfly (D:6)
  40 fungi
  50 plants
91 creatures vanquished.

Grand Total: 774 creatures vanquished

Notes
Turn   | Place    | Note
-------+----------+-------------------------------------------
     0 | D:1      | jt the Palentonga Fighter began the quest for the Orb.
     0 | D:1      | Reached XP level 1. HP: 19/19 MP: 1/1
    53 | D:1      | Reached XP level 2. HP: 20/25 MP: 2/2
   612 | D:1      | Reached XP level 3. HP: 15/31 MP: 3/3
  1206 | D:2      | Noticed Sigmund
  1236 | D:2      | Reached skill level 3 in Axes
  1461 | D:2      | Noticed an ogre
  1785 | D:3      | Noticed Robin
  1789 | D:3      | Killed Robin
  1790 | D:3      | Reached XP level 4. HP: 34/37 MP: 4/4
  2051 | D:3      | Found a faded altar of an unknown god.
  2299 | D:3      | Reached XP level 5. HP: 37/43 MP: 5/5
  2371 | D:3      | Identified a scroll of acquirement
  2372 | D:3      | Acquired the +12 executioner's axe of Virtue {venom,
                  | Fragile +Rage rPois Will++}
  2457 | D:3      | Reached skill level 4 in Axes
  2460 | D:3      | Noticed Ijyb
  2461 | D:3      | Killed Ijyb
  2646 | D:4      | Noticed Natasha
  2648 | D:4      | Noticed Duvessa
  2648 | D:4      | Killed Natasha
  2649 | D:4      | Reached skill level 5 in Axes
  2799 | D:4      | Noticed Dowan
  2816 | D:4      | Killed Dowan
  2817 | D:4      | Reached XP level 6. HP: 46/50 MP: 6/6
  2821 | D:4      | Killed Duvessa
  2822 | D:4      | Reached skill level 6 in Axes
  3256 | D:2      | Killed Sigmund
  3257 | D:2      | Reached skill level 7 in Axes
  3257 | D:2      | Gained mutation: You curl defensively after being hit.
                  | [Palentonga growth]
  3257 | D:2      | Reached XP level 7. HP: 50/55 MP: 7/7
  3656 | D:4      | Noticed Natasha
  3664 | D:4      | Killed Natasha
  3823 | D:4      | Noticed Eustachio
  3840 | D:4      | Killed Eustachio
  3841 | D:4      | Reached skill level 8 in Axes
  3841 | D:4      | Reached skill level 1 in Evocations
  4110 | D:5      | Entered Level 5 of the Dungeon
  4210 | D:5      | Found Etexzud's Weapon Shoppe.
  4289 | D:5      | Reached XP level 8. HP: 62/62 MP: 8/8
  4413 | D:5      | Found a sand-covered staircase.
  4421 | Ossuary  | Entered an ossuary
  4450 | Ossuary  | Reached skill level 9 in Axes
  5190 | D:6      | Found Soxtenlu's Magic Scroll Boutique.
  5192 | D:6      | Reached skill level 10 in Axes
  5211 | D:6      | Noticed Blork the orc
  5216 | D:6      | Killed Blork the orc
  5523 | D:6      | Reached skill level 11 in Axes
  5523 | D:6      | Reached XP level 9. HP: 57/67 MP: 9/9
  5572 | D:6      | Found a runed translucent door.
  5575 | D:6      | Found a runed translucent door.
  5902 | D:6      | Noticed Pikel
  5909 | D:6      | Killed Pikel
  5910 | D:6      | Reached skill level 12 in Axes
  6624 | D:7      | Reached skill level 13 in Axes
  6919 | D:7      | Noticed Menkaure
  6921 | D:7      | Killed Menkaure
  6976 | D:7      | Found a flagged portal.
  7001 | Bailey   | Entered a bailey
  7426 | D:7      | Found a staircase to the Ecumenical Temple.
  7431 | Temple   | Entered the Ecumenical Temple
  7675 | Temple   | Became a worshipper of Ashenzari the Shackled
  7786 | D:7      | Reached XP level 10. HP: 74/74 MP: 10/10
  8443 | D:8      | Reached * piety under Ashenzari
  8811 | D:9      | Found a staircase to the Lair.
  9001 | D:9      | Found Wyotaupp's Jewellery Shoppe.
  9047 | D:8      | Found a snail-covered altar of Cheibriados.
  9047 | D:8      | Found an iron altar of Okawaru.
  9050 | D:8      | Found a sacrificial altar of Ru.
  9214 | D:9      | Reached ** piety under Ashenzari
  9224 | D:9      | Reached skill level 1 in Throwing
  9230 | D:9      | Reached skill level 14 in Axes
  9972 | Lair:1   | Entered Level 1 of the Lair of Beasts
 10276 | Lair:1   | Reached skill level 15 in Axes
 10623 | Lair:1   | Reached XP level 11. HP: 72/82 MP: 11/11
 11359 | Lair:2   | Found a staircase to the Shoals.
 11519 | Lair:2   | Reached skill level 1 in Dodging
 11940 | Lair:2   | Learned a level 2 spell: Blink
 12646 | D:9      | Bought an amulet of the acrobat for 420 gold pieces
 12651 | D:9      | Reached *** piety under Ashenzari
 12664 | D:10     | Entered Level 10 of the Dungeon
 13068 | Lair:2   | Noticed a necromancer
 13074 | Lair:2   | Killed a necromancer
 13334 | Lair:3   | Found a gate leading to a gauntlet.
 13480 | Gauntlet | Entered a Gauntlet
 13480 | Gauntlet | Found a transporter.
 13487 | Gauntlet | Noticed a catoblepas
 13488 | Gauntlet | Found a transporter.
 13489 | Gauntlet | Noticed an oklob plant
 13490 | Gauntlet | Found a transporter.
 13492 | Gauntlet | Found a transporter.
 13511 | Gauntlet | Noticed a sixfirhy
 13520 | Gauntlet | Found a transporter.
 13522 | Gauntlet | Found a transporter.
 13540 | Gauntlet | Noticed a necromancer
 13543 | Gauntlet | Noticed a death yak
 13550 | Gauntlet | Noticed a death yak
 13553 | Gauntlet | Noticed a death yak
 13557 | Gauntlet | Noticed a death yak
 13558 | Gauntlet | Noticed a death yak
 13624 | Gauntlet | Found a transporter.
 13639 | Gauntlet | Found a transporter.
 13642 | Gauntlet | Noticed a wizard
 13644 | Gauntlet | Found a transporter.
 13659 | Gauntlet | Found a transporter.
 13659 | Gauntlet | Identified the +1 helmet of Somewhere Else {-Cast rF+
                  | Slay+2}
 13676 | Gauntlet | Noticed a wizard
 13678 | Gauntlet | Found a transporter.
 13679 | Gauntlet | Identified the amulet "Cyseast" {rF+ Regen+ Dex+3}
 13708 | Gauntlet | Found a transporter.
 13709 | Gauntlet | Identified the ring of Pisia {rElec rPois rCorr Int-3}
 13738 | Gauntlet | Noticed a blizzard demon
 13739 | Gauntlet | Found a transporter.
 13769 | Gauntlet | Found a transporter.
 13776 | Gauntlet | Found a transporter.
 13797 | Gauntlet | Found a transporter.
 13797 | Gauntlet | Noticed an orange crystal statue
 13802 | Gauntlet | Found a transporter.
 13853 | Gauntlet | Found a transporter.
 13856 | Gauntlet | Identified the +1 leather armour "Huhuh" {Dex+2}
 13888 | Gauntlet | Reached skill level 16 in Axes
 13893 | Gauntlet | Killed an oklob plant
 13894 | Gauntlet | Reached skill level 5 in Evocations
 13932 | Gauntlet | Killed a sixfirhy
 14184 | Gauntlet | Killed a wizard
 14189 | Gauntlet | Killed a wizard
 14279 | Gauntlet | Identified the ring of Qyqoet {Will+ SInv}
 14279 | Gauntlet | Noticed a minotaur
 14285 | Gauntlet | Killed a minotaur
 14286 | Gauntlet | Reached XP level 12. HP: 72/89 MP: 12/12
 14345 | Gauntlet | Identified the amulet "Pytorgh" {Spirit Dex+7}
 14879 | Lair:3   | Noticed Sonja
 14882 | Lair:3   | Killed Sonja
 15173 | Lair:3   | Noticed a six-headed hydra
 15179 | Lair:3   | Killed an eight-headed hydra
 15696 | Lair:4   | Noticed a catoblepas
 15704 | Lair:4   | Killed a catoblepas
 15705 | Lair:4   | Reached skill level 17 in Axes
 15923 | Lair:4   | Reached **** piety under Ashenzari
 16062 | Lair:4   | Noticed a death yak
 16064 | Lair:4   | Noticed a death yak
 16064 | Lair:4   | Noticed a death yak
 16075 | Lair:3   | Killed a death yak
 16077 | Lair:3   | Killed a death yak
 16226 | Lair:4   | Killed a death yak
 16395 | Lair:4   | Found a runed translucent gate.
 16395 | Lair:4   | Found a runed translucent gate.
 16396 | Lair:4   | Found a runed translucent gate.
 16400 | Lair:4   | Noticed Pomol's ghost (journeyman DDFi)
 16899 | Lair:4   | Found a staircase to the Snake Pit.
 17506 | Lair:5   | Noticed an eight-headed hydra
 17517 | Lair:5   | Killed a ten-headed hydra
 17626 | Lair:5   | Reached skill level 5 in Fighting
 17717 | Lair:5   | Found a runed translucent gate.
 17717 | Lair:5   | Found a runed translucent gate.
 17717 | Lair:5   | Found a runed translucent gate.
 17718 | Lair:5   | Noticed a seven-headed hydra
 17727 | Lair:5   | Noticed a minotaur
 17736 | Lair:5   | Identified the +7 hand axe of Jevyabi {flame, Drain rC+
                  | Will+ Dex+2}
 17737 | Lair:5   | Noticed Riyhibeth's ghost (journeyman BaAM)
 17888 | Lair:5   | Noticed a seven-headed hydra
 17888 | Lair:5   | Noticed a death yak
 17888 | Lair:5   | Noticed a death yak
 17888 | Lair:5   | Noticed a death yak
 18714 | D:10     | Found a staircase to the Orcish Mines.
 18867 | D:10     | Reached skill level 18 in Axes
 19089 | D:10     | Noticed a two-headed ogre
 19095 | D:10     | Killed a two-headed ogre
 19170 | D:10     | Reached ***** piety under Ashenzari
 19200 | D:10     | Reached XP level 13. HP: 90/108 MP: 13/13
 19657 | D:10     | Found a burning altar of Makhleb.
 19691 | Orc:1    | Entered Level 1 of the Orcish Mines
 20319 | Orc:2    | Entered Level 2 of the Orcish Mines
 20371 | Orc:2    | Found Tiut Zigy's Antique Weapon Boutique.
 21357 | Orc:2    | Found Learecamiu's Jewellery Boutique.
 21357 | Orc:2    | Found Bauqesu's Jewellery Shop.
 21357 | Orc:2    | Found Joekkenu's Weapon Shop.
 21379 | Orc:2    | Found Ovuen's Book Shoppe.
 21401 | Orc:2    | Reached skill level 19 in Axes
 22959 | Orc:2    | Found a staircase to the Elven Halls.
 24307 | Lair:4   | Killed Pomol's ghost
 24552 | Lair:5   | Reached XP level 14. HP: 116/124 MP: 14/14
 25366 | Lair:6   | Entered Level 6 of the Lair of Beasts
 25629 | Lair:6   | Reached skill level 20 in Axes
 25684 | Lair:5   | Killed Riyhibeth's ghost
 26826 | Lair:6   | Reached skill level 10 in Fighting
 28062 | Lair:6   | Found a viscous altar of Jiyva.
 28062 | Lair:6   | Found a staircase to the Slime Pits.
 28640 | Lair:6   | Reached XP level 15. HP: 122/135 MP: 15/15
 28901 | D:11     | Noticed Gastronok
 28908 | D:11     | Killed Gastronok
 28909 | D:11     | Reached skill level 21 in Axes
 29953 | D:12     | Found the +5 robe of Night {Dark Will+ SInv}
 29958 | D:12     | Noticed p0werm0de's ghost (journeyman GrFi)
 30672 | D:12     | Found a transporter.
 30683 | D:12     | Found a transporter.
 30689 | D:12     | Acquired 773 gold pieces
 32838 | D:14     | Found a gate to the Vaults.
 33317 | D:14     | Found a hide-covered altar of Uskayaw.
 33392 | D:14     | Noticed Nessos
 33394 | D:14     | Killed Nessos
 33568 | D:14     | Found Larot's Antique Armour Shoppe.
 33576 | D:14     | Bought a fine chain mail for 313 gold pieces
 33576 | D:14     | Identified the +1 chain mail "Qolyumul" {Int+3} (You bought
                  | it in a shop on level 14 of the Dungeon)
 33640 | D:14     | Reached ****** piety under Ashenzari
 34115 | Shoals:1 | Entered Level 1 of the Shoals
 34121 | Shoals:1 | Found Plog's Book Emporium.
 34223 | Snake:1  | Entered Level 1 of the Snake Pit
 34278 | Snake:1  | Reached skill level 22 in Axes
 35441 | Snake:1  | Reached XP level 16. HP: 120/153 MP: 0/17
 36030 | Snake:1  | Identified the +4 chain mail of Mordant Mirth {Rampage
                  | rF++}
 38977 | Snake:3  | Noticed Aizul
 39461 | Snake:3  | Killed Aizul
 39604 | Snake:3  | Slain by a naga warrior

Illustrated notes

Levels and vault maps discovered:
D:1:      lightli_arrival_boilingwater, layout_basic
D:2:      layout_rooms, uniq_sigmund
D:3:      layout_basic, basic_ecumenical_altar, kennysheep_generic_room_2,
          uniq_robin, uniq_ijyb
D:4:      layout_layer_cave, uniq_eustachio, uniq_duvessa, uniq_natasha
D:5:      layout_basic, serial_shops, nicolae_shop_waterfront,
          nicolae_ossuary_entry_plus, minmay_holes
D:6:      lemuel_insect_pit, layout_gridville, serial_shops, nicolae_shop_stone,
          uniq_blork_the_orc, uniq_pikel
D:7:      layout_cave_pools, temple_doors_e, enter_bailey_5, uniq_menkaure
D:8:      layout_basic, nicolae_overflow_hidden_temple, kennysheep_windowed_goal
D:9:      layout_basic, lair_entry_dummy, serial_shops, kennysheep_mini_moat
D:10:     layout_stronghold, bloody_makhleb, david_orc_1_choice, minivault_23
D:11:     layout_grid_maze, uniq_gastronok
D:12:     minmay_triangles_in_corner, layout_basic, gammafunk_ghost_mausoleum
D:13:     layout_basic
D:14:     layout_stronghold, erik_vaults_1, serial_shops, shop,
          nicolae_uskayaw_suspiria, uniq_nessos
Temple:   dpeg_five_rooms_temple
Lair:1:   layout_cave_pods
Lair:2:   layout_regular_city, minmay_shoals_entry_beasts,
          eino_house_with_fridge, infiniplex_staircase_pool_2,
          grunt_megastairs_1, lemuel_fruit_tree
Lair:3:   layout_cave_pods, gauntlet_entry_generic,
          grunt_forest_small_clearings, uniq_sonja
Lair:4:   layout_cave_pods, guppyfry_snake_entry_garden,
          gammafunk_ghost_necromancy, lemuel_fruit_fields
Lair:5:   layout_loops_ring, maelrawn_ghost_gauntlet_escape
Lair:6:   grunt_lair_end_beastmaster, layout_cellular_growth, slime_altar_1,
          lemuel_fruit_fields, grunt_megastairs_2
Shoals:1: layout_shoals, serial_shops, shop, nicolae_shoals_mertower
Snake:1:  layout_misc_corridors, st_stairs_4, nicolae_snake_mages_go_home,
          serial_bayou_shore_b
Snake:2:  nicolae_cobra_stairs, layout_basic
Snake:3:  layout_onion_interference, uniq_roxanne, uniq_aizul
Orc:1:    layout_diamond_mine
Orc:2:    st_orc_open, layout_diamond_mine, serial_shops, nicolae_lakefront_shop

Skill      XL: |  1  2  3  4  5  6  7  8  9 10 11 12 13 14 15 16 |
---------------+-------------------------------------------------+-----
Shields        | 3 |  3.7
Axes           | 3 5 7 8 11 13 15 16 18 19 20 22 | 22.6
Evocations     | 2 6 |  6.8
Throwing       | 2 |  2.7
Dodging        | 2 |  2.0
Armour         | 3 |  3.0
Fighting       | 5 8 10 12 14 | 14.7

Action                   |  1- 3 |  4- 6 |  7- 9 | 10-12 | 13-15 | 16-18 || total
-------------------------+-------+-------+-------+-------+-------+-------++-------
Melee: War axe           |   103 |    40 |       |       |       |       ||   143
       Tailslap          |    15 |     7 |    16 |    38 |    97 |    32 ||   205
       Executioner's axe |       |    29 |   193 |   299 |   615 |   211 ||  1347
Throw: Stone             |     1 |       |       |       |       |       ||     1
       Boomerang         |       |     3 |     1 |       |       |       ||     4
       Dart              |       |       |     5 |     9 |    17 |       ||    31
       Javelin           |       |       |       |       |    29 |    13 ||    42
Invok: Curse Item        |       |       |       |     7 |     2 |       ||     9
 Abil: Rolling Charge    |    24 |    10 |    35 |    60 |    94 |    35 ||   258
       Evoke Berserk Rag |       |       |     3 |     4 |    12 |       ||    19
Evoke: Wand              |       |       |     1 |    11 |    27 |     5 ||    44
       Piece from Xom's  |       |       |       |     2 |     6 |       ||     8
       Condenser vane    |       |       |       |       |     2 |       ||     2
       Box of beasts     |       |       |       |       |     1 |       ||     1
  Use: Scroll            |     3 |     2 |    10 |     2 |    10 |       ||    27
       Potion            |     1 |       |     5 |     2 |     7 |     2 ||    17
 Stab: Invisible         |       |       |       |       |     4 |       ||     4
       Paralysed         |       |       |       |       |     3 |       ||     3
Armor: Scale mail        |    47 |    30 |       |       |       |       ||    77
       Ring mail         |       |     2 |   103 |   135 |   252 |    53 ||   545
Dodge: Dodged            |    21 |    24 |    92 |   139 |   261 |    78 ||   615
       Repelled          |       |       |       |       |     8 |    10 ||    18
Block: Kite shield       |    46 |    10 |       |       |       |       ||    56

Table legend: (Time is in decaauts)
 A = Elapsed time spent in this place.
 B = Non-inter-level travel time spent in this place.
 C = Inter-level travel time spent in this place.
 D = Time resting spent in this place.
 E = Time spent auto-exploring this place.
 F = Levels seen in this place.
 G = Mean time per level.
                   A        B        C        D        E       F      G
               +--------+--------+--------+--------+--------+-----+--------+
         Total |  40055 |  37698 |   2357 |  17674 |  10757 |  30 | 1335.2 |
       Dungeon |  17483 |  16318 |   1165 |   6144 |   6018 |  14 | 1248.8 |
        Temple |    279 |    213 |     66 |      0 |    195 |   1 |  279.0 |
          Lair |  12898 |  11989 |    909 |   6270 |   3408 |   6 | 2149.7 |
        Shoals |     28 |     28 |      0 |      0 |      0 |   1 |   28.0 |
     Snake Pit |   4637 |   4531 |    106 |   2579 |    473 |   3 | 1545.7 |
  Orcish Mines |   3302 |   3192 |    110 |   2179 |    405 |   2 | 1651.0 |
       Ossuary |    308 |    308 |      0 |    133 |      8 |   1 |  308.0 |
        Bailey |    121 |    121 |      0 |     87 |      0 |   1 |  121.0 |
      Gauntlet |    995 |    995 |      0 |    281 |    250 |   1 |  995.0 |
               +--------+--------+--------+--------+--------+-----+--------+

Top non-repeatable levels by time:
  Lair:4: 2840 daAuts
 Snake:2: 2810 daAuts
  Lair:5: 2644 daAuts
  Lair:1: 2075 daAuts
  Lair:3: 1959 daAuts
  Lair:6: 1913 daAuts
    D:12: 1907 daAuts
   Orc:1: 1872 daAuts
    D:10: 1788 daAuts
     D:6: 1554 daAuts
    D:14: 1536 daAuts
    D:11: 1472 daAuts
  Lair:2: 1465 daAuts
 Snake:1: 1450 daAuts
     D:9: 1439 daAuts
